Map: Goldenaura LE

Players

JohnnyRandom

  • Race: Protoss Protoss
  • League: Platinum
  • Spawn Location: 5:00

Subwayeatn - Winner!

  • Race: Zerg Zerg
  • League: Platinum
  • Spawn Location: 12:00

VOD

Have the link to the VOD?

Description

Time

  • Played on: Oct. 24, 2023, 4:48 p.m.
  • Length: 21:07
Show
View Real Time Build Order
Export as new Build Order

JohnnyRandom Protoss 

Build Orders:  

Get SALT Encoding   

  12  0:20  Pylon  
  12  0:24  Probe (Chrono Boost)  
  13  0:34  Probe (Chrono Boost)  
  14  0:39  Probe (Chrono Boost)  
  15  0:50  Probe  
  15  0:54  Pylon  
  16  1:03  Probe  
  17  1:15  Probe  
  18  1:31  Forge  
  18  1:37  Gateway  
  18  1:40  Gateway  
  18  1:56  Nexus  
  18  2:06  Photon Cannon  
  18  2:13  Photon Cannon  
  18  2:20  Pylon  
  18  2:24  Zealot (Chrono Boost)  
  18  3:21  Gateway  
  18  3:37  Cybernetics Core  
  18  3:39  Probe  
  19  3:43  Probe  
  20  3:51  Probe  
  20  3:53  Zealot  
  20  3:55  Probe  
  24  3:56  Zealot  
  26  4:03  Assimilator, Probe  
  26  4:07  Probe  
  26  4:15  Probe  
  27  4:19  Shield Battery  
  27  4:23  Shield Battery  
  27  4:27  Probe  
  27  4:29  Shield Battery  
  28  4:35  Zealot x3  
  34  4:40  Probe (Chrono Boost)  
  36  4:47  Probe (Chrono Boost)  
  36  4:51  Probe (Chrono Boost)  
  37  4:56  Probe (Chrono Boost)  
  37  4:58  Probe (Chrono Boost)  
  39  5:01  Probe (Chrono Boost)  
  39  5:02  Zealot x2  
  39  5:05  Zealot  
  46  5:14  Pylon  
  46  5:17  Pylon  
  46  5:28  Pylon  
  46  5:32  Probe x2  
  48  5:35  Twilight Council  
  48  5:41  Zealot x2  
  52  5:45  Zealot, Probe (Chrono Boost)  
  52  5:47  Probe (Chrono Boost)  
  56  5:56  Probe (Chrono Boost)  
  58  5:58  Probe (Chrono Boost)  
  58  5:59  Assimilator  
  58  6:01  Assimilator  
  58  6:03  Probe (Chrono Boost)  
  60  6:04  Probe (Chrono Boost)  
  60  6:05  Assimilator  
  60  6:11  Probe (Chrono Boost)  
  61  6:16  Probe (Chrono Boost)  
  62  6:21  Probe (Chrono Boost)  
  62  6:25  Probe (Chrono Boost)  
  64  6:26  Probe (Chrono Boost)  
  65  6:35  Probe  
  65  6:37  Charge (Chrono Boost)  
  66  6:43  Zealot x2  
  70  6:54  Pylon  
  70  6:57  Pylon  
  70  6:58  Pylon  
  70  7:00  Pylon  
  70  7:12  Zealot x3  
  70  7:13  Forge  
  76  7:20  Forge  
  76  7:23  Forge  
  60  7:39  Zealot x3  
  60  7:42  Pylon  
  66  7:44  Protoss Shields Level 1 (Chrono Boost)  
  66  7:45  Pylon  
  66  7:49  Protoss Ground Weapons Level 1 (Chrono Boost)  
  66  7:53  Protoss Ground Armor Level 1 (Chrono Boost)  
  66  8:07  Zealot  
  66  8:09  Gateway  
  66  8:12  Gateway  
  68  8:15  Gateway  
  68  8:20  Gateway  
  68  8:23  Robotics Facility  
  68  8:25  Zealot x2  
  72  8:34  Zealot  
  74  8:49  Photon Cannon  
  74  8:52  Zealot x2  
  74  8:53  Pylon  
  78  8:56  Pylon  
  78  9:03  Zealot  
  80  9:10  Warp Prism (Chrono Boost)  
  82  9:19  Zealot  
  82  9:20  Zealot, Photon Cannon  
  86  9:28  Probe  
  86  9:30  Zealot  
  89  9:39  Observer  
  90  9:46  Zealot  
  90  9:47  Zealot  
  94  9:54  Nexus  
  94  9:57  Zealot  
  96  10:03  Pylon  
  96  10:06  Warp Gate  
  96  10:10  Nexus  
  96  10:13  Zealot  
  96  10:14  Zealot  
  100  10:23  Protoss Ground Weapons Level 2 (Chrono Boost), Assimilator  
  100  10:24  Zealot, Protoss Ground Armor Level 2 (Chrono Boost)  
  100  10:25  Protoss Shields Level 2 (Chrono Boost), Assimilator  
  102  10:40  Zealot  
  104  10:44  Immortal  
  108  10:54  Zealot  
  108  10:55  Zealot  
  112  11:07  Zealot  
  114  11:21  Zealot  
  114  11:22  Zealot  
  114  11:24  Immortal  
  122  11:35  Zealot  
  124  11:48  Zealot  
  126  11:55  Assimilator, Probe  
  126  11:56  Assimilator  
  127  12:03  Probe  
  127  12:08  Probe  
  129  12:10  Probe  
  130  12:15  Probe  
  130  12:20  Probe  
  130  12:22  Probe  
  133  12:25  Stalker x2  
  133  12:26  Stalker  
  133  12:27  Stalker  
  133  12:28  Probe, Stalker x2  
  133  12:29  Stalker  
  148  12:32  Probe  
  148  12:34  Probe  
  150  12:40  Probe  
  152  12:44  Probe  
  152  12:46  Probe  
  153  12:52  Probe  
  153  12:56  Probe  
  155  13:04  Probe  
  155  13:05  Observer  
  154  13:16  Probe  
  152  13:26  Observer  
  97  13:41  Stalker x2  
  95  13:42  Stalker x2  
  95  13:43  Stalker x2  
  95  13:44  Stalker  
  95  13:48  Observer  
  108  13:54  Nexus  
  108  14:13  Stalker  
  108  14:14  Stalker x2  
  108  14:15  Stalker x2  
  108  14:16  Stalker  
  120  14:17  Stalker  
  122  14:35  Assimilator  
  122  14:41  Observer  
  97  15:03  Observer  
  58  15:32  Pylon  
  58  15:34  Stalker x2  
  58  15:35  Stalker x2  
  64  15:36  Stalker  
  64  15:37  Stalker x2  
  64  15:41  Pylon  
  72  15:43  Pylon  
  72  15:44  Protoss Shields Level 3  
  72  15:45  Protoss Ground Armor Level 3, Protoss Ground Weapons Level 3  
  72  15:48  Pylon  
  72  15:50  Immortal  
  72  15:54  Photon Cannon  
  72  15:56  Photon Cannon  
  76  15:58  Photon Cannon  
  76  16:00  Photon Cannon  
  76  16:04  Shield Battery  
  76  16:08  Photon Cannon  
  77  16:11  Probe  
  77  16:16  Probe  
  78  16:21  Probe  
  78  16:23  Probe  
  80  16:28  Probe  
  80  16:29  Immortal  
  85  16:33  Probe  
  85  16:35  Probe  
  87  16:40  Probe  
  87  16:45  Probe  
  89  16:47  Probe  
  89  16:52  Probe  
  91  16:57  Nexus, Probe  
  91  16:59  Probe  
  93  17:04  Probe  
  94  17:08  Immortal  
  94  17:09  Probe  
  99  17:16  Stalker  
  99  17:17  Stalker x2  
  99  17:18  Stalker x3  
  99  17:20  Stalker  
  64  17:44  Stargate  
  64  17:48  Stargate, Immortal  
  56  17:51  Zealot, Stargate  
  56  17:52  Zealot x2  
  56  17:53  Zealot x2  
  56  17:54  Zealot  
  56  17:55  Zealot  
  60  18:14  Zealot x2  
  60  18:15  Zealot  
  60  18:18  Zealot x2  
  60  18:19  Zealot  
  64  18:20  Zealot  
  52  18:27  Immortal  
  35  18:55  Void Ray  
  47  18:56  Void Ray x2  
  47  19:01  Zealot  
  47  19:02  Zealot x2  
  53  19:03  Zealot  
  53  19:06  Probe  
  56  19:18  Probe  
  54  19:29  Void Ray x2  
  54  19:30  Probe  
  53  19:33  Observer (Chrono Boost)  
  62  19:42  Probe  
  56  20:12  Void Ray  
  54  20:44  Pylon  
  54  20:47  Pylon  
Show
View Real Time Build Order
Export as new Build Order

Subwayeatn Zerg - Winner!

Build Orders: Pool First, Lurkers, Zergling Baneling 

Get SALT Encoding   

  12  0:19  Spawning Pool  
  11  0:22  Drone  
  11  0:26  Drone  
  13  0:31  Drone  
  14  0:40  Overlord  
  14  1:05  Drone x2  
  14  1:08  Zergling x2  
  17  1:26  Hatchery  
  17  1:29  Zergling x4  
  18  1:33  Extractor  
  18  1:38  Drone  
  18  1:50  Zergling x2  
  18  1:51  Queen  
  19  2:45  Zergling x8  
  22  3:04  Queen  
  23  3:15  Overlord  
  23  3:17  Zergling x2  
  23  3:19  Zergling x2  
  25  3:34  Drone x4  
  25  3:35  Drone  
  30  3:42  Lair  
  30  3:46  Baneling Nest  
  29  3:48  Extractor  
  29  3:50  Overlord  
  29  3:53  Overlord  
  28  4:07  Drone  
  28  4:08  Drone x7  
  36  4:16  Evolution Chamber  
  35  4:20  Evolution Chamber  
  34  4:25  Pneumatized Carapace  
  34  4:34  Baneling x2  
  34  4:35  Baneling  
  34  4:36  Baneling x2  
  34  4:37  Baneling x2  
  34  4:38  Baneling  
  34  4:45  Baneling x3  
  34  4:59  Extractor  
  33  5:02  Hatchery  
  32  5:09  Zerg Melee Weapons Level 1  
  32  5:14  Drone  
  33  5:16  Drone  
  33  5:17  Drone  
  35  5:27  Baneling  
  35  5:28  Zergling x4  
  37  5:29  Zergling x2  
  37  5:34  Zergling x2  
  39  5:45  Zergling x8  
  43  5:54  Metabolic Boost  
  43  6:07  Overlord  
  43  6:12  Zergling x2  
  43  6:13  Zergling x6  
  47  6:20  Queen  
  49  6:29  Zergling x4  
  49  6:30  Zergling x2  
  52  6:44  Centrifugal Hooks  
  52  6:49  Zerg Ground Armor Level 1  
  52  6:56  Overlord  
  52  6:57  Drone  
  52  6:59  Drone  
  54  7:02  Drone  
  54  7:05  Drone  
  35  7:45  Drone x14  
  49  8:01  Drone x5  
  49  8:02  Hydralisk Den  
  53  8:09  Overseer  
  53  8:17  Extractor  
  53  8:18  Extractor, Drone x4  
  55  8:20  Drone x4  
  59  8:47  Drone x4  
  63  8:50  Drone x4  
  63  8:51  Drone x4  
  63  8:53  Drone x2  
  73  8:55  Extractor  
  73  8:57  Grooved Spines  
  72  9:07  Zerg Ground Armor Level 2  
  72  9:14  Overlord, Lurker Den  
  72  9:17  Overlord  
  71  9:20  Zergling x2  
  72  9:28  Hatchery  
  72  9:31  Hydralisk  
  71  9:38  Hydralisk x6  
  75  9:39  Hydralisk x2  
  89  9:50  Queen  
  89  9:51  Spine Crawler  
  90  9:53  Overlord x2  
  90  9:54  Overlord  
  90  10:11  Queen x2  
  94  10:17  Infestation Pit  
  94  10:18  Lurker x5  
  94  10:19  Lurker x4  
  94  10:20  Extractor  
  101  10:22  Extractor  
  100  10:32  Zerg Missile Weapons Level 1  
  100  10:44  Queen  
  100  10:46  Overlord  
  102  10:50  Drone x4  
  102  10:51  Drone x13  
  119  11:06  Overseer  
  119  11:10  Overseer  
  119  11:12  Overseer  
  119  11:18  Infestor x4  
  127  11:30  Zergling x2  
  127  11:32  Overlord x3  
  128  11:33  Overlord x4  
  128  11:37  Hive  
  128  12:05  Zerg Melee Weapons Level 2  
  128  12:11  Burrow  
  128  12:16  Hatchery  
  128  12:17  Extractor  
  128  12:21  Zergling x2  
  128  12:22  Zergling x42, Extractor  
  147  12:23  Zergling x18  
  156  12:53  Viper x3  
  163  13:09  Zergling x2  
  163  13:10  Zergling x24  
  117  13:42  Queen  
  117  13:46  Seismic Spines  
  117  13:47  Hydralisk  
  117  13:48  Hydralisk x11  
  143  13:59  Baneling  
  143  14:00  Baneling x23  
  143  14:01  Zergling x2  
  143  14:02  Zergling x6  
  147  14:17  Hydralisk x9  
  147  14:18  Hydralisk x4  
  173  14:24  Lurker x2  
  173  14:25  Lurker x9  
  173  14:28  Hydralisk  
  173  14:29  Hydralisk  
  145  15:30  Infestor x3  
  145  15:32  Viper x3  
  160  16:03  Hatchery  
  159  16:05  Hydralisk x5, Extractor  
  168  16:15  Overlord x5  
  168  16:27  Extractor  
  168  16:28  Hatchery  
  168  16:31  Extractor  
  165  16:45  Zergling x2  
  165  16:46  Zergling x26  
  159  17:59  Zergling x24  
  139  18:45  Zergling x2  
  139  18:46  Zergling x22  
  151  18:58  Queen  
  153  19:02  Hatchery  
  153  19:03  Adaptive Talons  
  153  19:08  Adrenal Glands  
  152  19:34  Queen  
  150  19:46  Hydralisk x9  
  150  19:47  Hydralisk x11  
  179  20:04  Hydralisk x8  
  179  20:17  Queen  
  168  20:39  Hydralisk x12  
  192  20:56  Lurker  
Tags
 
Add a new tag
Caveats
  • Supply blocks, unpowered buildings, or Contaminate may cause inaccurate times.
  • Supply counts are checked every 10 seconds.